 Dungeon Crawl Stone Soup version 0.17-a0-1450-g7e755d1 (webtiles) character file.

14 hexophile the Sneak (level 2, -1/22 HPs)
             Began as a Naga Wizard on June 30, 2015.
             Slain by a hobgoblin (3 damage)
             ... on level 1 of the Dungeon.
             The game lasted 00:02:02 (974 turns).

hexophile the Sneak (Naga Wizard)                    Turns: 974, Time: 00:02:02

Health: -1/22      AC:  1    Str:  9    XL:     2   Next: 41%
Magic:  0/6        EV:  9    Int: 18    God:
Gold:   16         SH:  0    Dex:  9    Spells: 1 memorised, 6 levels left

rFire  . . .     SeeInvis +     e - +0 short sword
rCold  . . .     Clarity  .     a - +0 robe
rNeg   . . .     SustAt   .     (no shield)
rPois  +         Gourm    .     b - +0 hat
rElec  .         Spirit   .     (no cloak)
rCorr  .         Warding  .     (no gloves)
rMut   .         Stasis   .     (no barding)
MR     .....                    (no amulet)
Stlth  ++........               (no ring)
                                (no ring)

@: short of breath, very slightly contaminated, very slow, not resistant to
hostile enchantments, unstealthy
A: see invisible, deformed body, poison resistance, slowness 2, slow metabolism
1, spit poison 2, AC +0
a: Spit Poison


You were on level 1 of the Dungeon.
You were not hungry.

You visited 1 branch of the dungeon, and saw 1 of its levels.

You collected 16 gold pieces.

Inventory:

Hand weapons
 e - a +0 short sword (weapon)
Armour
 a - a +0 robe (worn)
 b - a +0 hat (worn)
Scrolls
 g - a scroll of fog {unknown}
Potions
 f - a potion of heal wounds {unknown}
Books
 c - a book of Minor Magic

   Spells                             Type                      Level
   a - Magic Dart                     Conjuration                  1
   b - Blink                          Translocation                2
   c - Call Imp                       Summoning                    2
   d - Repel Missiles                 Charms/Air                   2
   e - Slow                           Hexes                        2
   f - Conjure Flame                  Conjuration/Fire             3
   g - Mephitic Cloud                 Conjuration/Poison/Air       3
Comestibles
 d - a bread ration
 h - 2 chunks of flesh


   Skills:
 - Level 1.5 Dodging
 + Level 3.2 Stealth
 * Level 3.2 Spellcasting
 * Level 1.6 Conjurations
   Level 1.0 Summonings
   Level 1.0 Translocations


You had 6 spell levels left.
You knew the following spells:

 Your Spells              Type           Power        Failure   Level  Hunger
a - Magic Dart            Conj           #...         12%         1    None


Dungeon Overview and Level Annotations

Branches:
Dungeon (1/15)

Altars:


Innate Abilities, Weirdness & Mutations

You cannot wear boots.
Your serpentine skin is tough (AC +0).
You have supernaturally acute eyesight.
Armour fits poorly on your strangely shaped body.
Your system is resistant to poisons.
You cover ground very slowly.
You have a slow metabolism.
You can spit poison.


Message History

The giant gecko barely misses you. The giant gecko bites you.
* * * LOW HITPOINT WARNING * * *
The giant gecko barely misses you. The giant gecko barely misses you.
Use which ability? (? or * to list)
Press: ? - help, Shift-Dir - straight line, f/p - hobgoblin
Aim: a hobgoblin The splash of poison hits the giant gecko.
You kill the giant gecko!
You feel slightly more hungry.
Casting: Magic Dart
Confirm with . or Enter, or press ? or * to list all spells.
Aiming: Magic Dart
Press: ? - help, Shift-Dir - straight line, f/p - hobgoblin
Aim: a hobgoblin The magic dart hits the hobgoblin.
The hobgoblin is lightly wounded.
The hobgoblin hits you.
You die...

............#...............#..
.............#...............#..
K............#..................
.............#................#.
...........................รท..#.
.....#.....#................###.
#....#####..............##...
#......###..##...###.##.#.
#..###..g@...##.........#. ##.#
#######.............. #..
#........#.... #### ##...........
...##.....##. .##........##
......##. .......#.## ..........


You could see a hobgoblin.

Vanquished Creatures
  An ooze (D:1)
  A hobgoblin (D:1)
  3 kobolds (D:1)
  2 giant geckos (D:1)
  2 rats (D:1)
9 creatures vanquished.

Notes
Turn   | Place    | Note
--------------------------------------------------------------
     0 | D:1      | hexophile the Naga Wizard began the quest for the Orb.
     0 | D:1      | Reached XP level 1. HP: 15/15 MP: 4/4
   577 | D:1      | Reached XP level 2. HP: 4/22 MP: 6/6
   974 | D:1      | Slain by a hobgoblin

Vault maps used:
D:1:      saegor_arrival_simple_d

Action                   || total
-------------------------++-------
Melee: Unarmed           ||    11
       Short sword       ||     8
 Cast: Magic Dart        ||    21
 Abil: Spit Poison       ||     5
 Stab: Sleeping          ||     1
